 Dungeon Crawl Stone Soup version 0.32-a0-558-g233958a4c4 (webtiles) character file.

Game seed: 2386520788880033183

107 mopl the Apothecary (level 4, -3/27 HPs)
             Began as an Octopode Alchemist on Feb 29, 2024.
             Killed by nerve-wracking pain
             ... invoked by Grinder
              (14 damage)
             ... on level 3 of the Dungeon.
             The game lasted 00:03:22 (1529 turns).

mopl the Apothecary (Octopode Alchemist)            Turns: 1529, Time: 00:03:23

Health: -3/27      AC:  8    Str:  7    XL:     4   Next: 85%
Magic:  8/8        EV: 13    Int: 22    God:
Gold:   128        SH:  0    Dex: 18    Spells: 4/9 levels left

rFire   + . .        b - +2 short sword (protect)
rCold   + . .        (no shield)
rNeg    . . .        (helmet restricted)
rPois   .            (no amulet)
rElec   .            f - ring of protection from fire
rCorr   .            i - ring of protection from cold
SInv    .            k - +6 ring of dexterity
Will    .....        q - ring of Fedhas's Inspiration {Wiz Int+3}
Stlth   +++          (no ring)
HPRegen 0.24/turn    (no ring)
MPRegen 0.11/turn    (no ring)
                     (no ring)

%: wizardry (x1)
@: under a protective aura
A: almost no armour, amphibious, 8 rings, camouflage 1, gelatinous body 1,
(nimble swimmer 1), tentacles
a: no special abilities


You were on level 3 of the Dungeon.
You visited 1 branch of the dungeon, and saw 3 of its levels.

You collected 128 gold pieces.

Inventory:

Hand Weapons
 b - a +2 short sword of protection (weapon)
 n - a +4 whip of draining
Missiles
 p - 4 poisoned darts
Jewellery
 f - a ring of protection from fire (left tentacle)
 i - a ring of protection from cold (right tentacle)
 k - a +6 ring of dexterity (on tentacle)
 q - the ring of Fedhas's Inspiration (on tentacle) {Wiz Int+3}
   (You found it on level 3 of the Dungeon)

   [ring of wizardry]

   Wiz:       It improves your spell success rate.
   Int+3:     It affects your intelligence (+3).
Scrolls
 c - a scroll of vulnerability {unknown}
 d - a scroll of noise {unknown}
 e - 3 scrolls of teleportation {unknown}
 g - a scroll of amnesia {unknown}
 h - 2 scrolls of identify {unknown}
 o - a scroll of poison {unknown}
Potions
 a - a potion of magic
 j - a potion of enlightenment {unknown}
 l - a potion of ambrosia {unknown}
 m - a potion of heal wounds {unknown}


   Skills:
 - Level 2.0 Dodging
 - Level 2.6 Stealth
 + Level 3.0 Spellcasting
 + Level 2.6 Conjurations
 + Level 4.3 Alchemy


You had 4 spell levels left.
You knew the following spells:

 Your Spells              Type           Power      Damage    Failure   Level
a - Sting                 Conj/Alch      72%        1d7       1%          1
o - Olgreb's Toxic Radia  Alch           22%        N/A       9%          4

Your spell library contained the following spells:

 Spells                   Type           Power      Damage    Failure   Level
 Shock                    Conj/Air       36%        1d5       2%          1
 Mercury Vapours          Alch/Air       24%        N/A       3%          2
 Cigotuvi's Dreadful Rot  Necr/Alch/Air  18%        N/A       4%          2
 Mephitic Cloud           Conj/Alch/Air  13%        N/A       6%          3
 Frozen Ramparts          Ice            6%         1d1       16%         3
 Swiftness                Air            3%         N/A       16%         3
 Ignite Poison            Fire/Alch      12%        N/A       21%         4
 Leda's Liquefaction      Alch/Erth      6%         N/A       21%         4
 Petrify                  Alch/Erth      12%        N/A       21%         4
 Sticky Flame             Fire/Alch      12%        2d5       21%         4
 Airstrike                Air            1%         2d(1-17)  43%         4
 Freezing Cloud           Conj/Ice/Air   3%         6-21      65%         5
 Metabolic Englaciation   Hex/Ice        1%         N/A       77%         5


Dungeon Overview and Level Annotations

Branches:
Dungeon (3/15)

Altars:
Gozag

Annotations:
D:3 Grinder


Innate Abilities, Weirdness & Mutations

You cannot wear most types of armour.
You are amphibious.
You can wear up to eight rings at the same time.
Your skin changes colour to match your surroundings (Stealth+).
Your rubbery body absorbs attacks. (AC +1, EV +1)
((You are camouflaged when in or above water. (Stealth+)))
You have tentacles for arms and can constrict up to eight enemies at once.


Message History

Natasha is severely wounded.
You constrict Natasha!
You kill Natasha!
Natasha growls in agony!
The cerulean imp disappears in a puff of smoke! x2
Your Spellcasting skill increases to level 3!
You see here the felid corpse of Natasha.
You feel yourself speed up.
There is a stone staircase leading down here.
There is an open door here.
There is an open door here.
There is an open door here.
Found a stone staircase leading up.
You hear the brisk rusting of a very distant drain.
There is an open door here.
There is an open door here.
There is an open door here.
Grinder comes into view.
A kobold comes into view. It is wielding a +0 dagger.
You barely miss Grinder. You grab Grinder. You constrict Grinder.
Grinder gestures at you. Pain shoots through your body!
You hit Grinder but do no damage.
Your weapon exudes an aura of protection.
You squeeze Grinder.
Grinder is lightly wounded.
You constrict Grinder. Grinder barely misses you.
Unknown command.
You hit Grinder.
Grinder is moderately wounded.
You constrict Grinder. Grinder hits you.
You writhe in agony.
Unknown command.
You hit Grinder.
Grinder is heavily wounded.
You constrict Grinder. Grinder gestures at you. Pain shoots through your body!
Ouch! That really hurt!
You die...
Grinder says, "Hey, I wasn't done torturing you yet!"

#......#...
#......#..#
#####........##
.............#
#........K..#
#...........#
#...........# ##
#....@5.....# .#
##...........# .#
#............#
######## .#
#............#
#....... .#
#........#####
#....... .#
#.#.########
#....... .# #.#.#
#....... .######
#.#.######
#####.......
.##....##<#'##...#
#...........


You could see Grinder and a kobold (asleep).

Vanquished Creatures
  Natasha (twice) (D:3)
  A gnoll (D:3)
  A ribbon worm (D:3)
  2 ball pythons (D:1)
  3 bats (D:1)
  4 endoplasms
  4 giant cockroaches (D:1)
  2 goblins
  6 hobgoblins
  4 jackals (D:1)
  4 kobolds
  A quokka (D:3)
  A frilled lizard (D:1)
  6 rats
41 creatures vanquished.

Notes
Turn   | Place    | Note
-------+----------+-------------------------------------------
     0 | D:1      | mopl the Octopode Alchemist began the quest for the Orb.
     0 | D:1      | Reached XP level 1. HP: 11/11 MP: 3/3
    72 | D:1      | Reached XP level 2. HP: 15/17 MP: 5/5
   273 | D:1      | Reached XP level 3. HP: 20/21 MP: 3/6
   843 | D:2      | Reached skill level 2 in Conjurations
  1260 | D:3      | Reached skill level 4 in Alchemy
  1316 | D:3      | Noticed Natasha
  1324 | D:3      | Killed Natasha
  1325 | D:3      | Reached XP level 4. HP: 19/27 MP: 3/8
  1331 | D:3      | Learned a level 4 spell: Olgreb's Toxic Radiance
  1356 | D:3      | Identified the ring of Fedhas's Inspiration {Wiz Int+3}
  1388 | D:3      | Found an opulent altar of Gozag.
  1431 | D:3      | Noticed Natasha
  1451 | D:3      | Killed Natasha
  1452 | D:3      | Reached skill level 3 in Spellcasting
  1519 | D:3      | Noticed Grinder
  1529 | D:3      | Killed from afar by Grinder

Illustrated notes

Levels and vault maps discovered:
D:1:      amcnicky_arrival_feature_with_door, layout_loops_ring
D:2:      layout_basic, hex_tiny
D:3:      layout_basic, grunt_gozag_breadcrumbs,
          mainiacjoe_overflow_small_starburst, portal_sewer_entry_e,
          uniq_grinder, uniq_natasha

Skill      XL: |  1  2  3  4 |
---------------+-------------+-----
Conjurations   | 2 |  2.6
Alchemy        | 4 |  4.3
Spellcasting   | 3 |  3.0
Dodging        | |  2.0
Stealth        | |  2.6

Action                     |  1- 3 |  4- 6 || total
---------------------------+-------+-------++-------
  Melee: Short sword       |    38 |     9 ||    47
         Constrict         |    12 |     3 ||    15
         Tentacles         |     7 |     1 ||     8
   Cast: Sting             |    35 |     1 ||    36
         Olgreb's Toxic Ra |       |     1 ||     1
   Stab: Sleeping          |     9 |     1 ||    10
 Armour: Skin              |    15 |    11 ||    26
  Dodge: Dodged            |    29 |     9 ||    38

Table legend: (Time is in decaauts)
 A = Elapsed time spent in this place.
 B = Non-inter-level travel time spent in this place.
 C = Inter-level travel time spent in this place.
 D = Time resting spent in this place.
 E = Time spent auto-exploring this place.
 F = Levels seen in this place.
 G = Mean time per level.
                   A        B        C        D        E       F      G
               +--------+--------+--------+--------+--------+-----+--------+
         Total |   1532 |   1506 |     26 |      0 |    899 |   3 |  510.7 |
       Dungeon |   1532 |   1506 |     26 |      0 |    899 |   3 |  510.7 |
               +--------+--------+--------+--------+--------+-----+--------+

Top non-repeatable levels by time:
     D:1: 587 daAuts
     D:2: 552 daAuts
     D:3: 392 daAuts
